 Dungeon Crawl Stone Soup version 0.19.4-8-ga85b6b9 (webtiles) character file.

147 LORDOFBUTT the Chopper (level 5, -3/41 HPs)
             Began as a Formicid Fighter on Feb 11, 2017.
             Slain by LORDOFBUTT's ghost (8 damage)
             ... on level 3 of the Dungeon.
             The game lasted 00:03:44 (2309 turns).

LORDOFBUTT the Chopper (Formicid Fighter)           Turns: 2309, Time: 00:03:46

Health: -3/41      AC:  6    Str: 26    XL:     5   Next: 54%
Magic:  5/5        EV:  8    Int:  7    God:
Gold:   182        SH: 10    Dex: 11    Spells: 1 memorised, 3 levels left

rFire  . . .     SeeInvis +     a - +0 war axe
rCold  . . .     Gourm    .     b - +0 scale mail
rNeg   . . .     Faith    .     c - +0 shield
rPois  .         Spirit   .     (helmet unavailable)
rElec  .         Reflect  .     (no cloak)
rCorr  .         Harm     .     (no gloves)
MR     .....                    (no boots)
Stlth  ..........               (no amulet)
                                (no ring)
                                (no ring)

@: mighty
A: permanent stasis, dig shafts and tunnels, four strong arms, antennae 3
a: Dig, Shaft Self


You were on level 3 of the Dungeon.
You were not hungry.

You visited 1 branch of the dungeon, and saw 3 of its levels.

You collected 182 gold pieces.

Inventory:

Hand Weapons
 a - a +0 war axe (weapon)
Armour
 b - a +0 scale mail (worn)
 c - a +0 shield (worn)
Jewellery
 l - an uncursed ring of stealth {unknown}
Potions
 d - a potion of might
 e - a potion of flight
 m - a potion of lignification
 o - a potion of degeneration {unknown}
Books
 j - a book of Cantrips

   Spells                             Type                      Level
   a - Confusing Touch                Hexes                        1
   b - Animate Skeleton               Necromancy                   1
   c - Summon Small Mammal            Summoning                    1
   d - Apportation                    Translocation                1
 q - a book of Minor Magic

   Spells                             Type                      Level
   a - Magic Dart                     Conjuration                  1
   b - Blink                          Translocation                2
   c - Call Imp                       Summoning                    2
   d - Repel Missiles                 Charms/Air                   2
   e - Slow                           Hexes                        2
   f - Conjure Flame                  Conjuration/Fire             3
   g - Mephitic Cloud                 Conjuration/Poison/Air       3
Comestibles
 f - 2 bread rations
 g - a slice of pizza
 k - 2 meat rations
 r - 3 fruits
 s - a beef jerky


   Skills:
 - Level 3.2 Fighting
 + Level 5.3 Axes
 - Level 3.2 Armour
 - Level 3.6 Shields


You had 3 spell levels left.
You knew the following spells:

 Your Spells              Type           Power        Failure   Level  Hunger
a - Confusing Touch       Hex            #.....       100%        1    ##.....


Dungeon Overview and Level Annotations

Branches:
Dungeon (3/15)

Altars:

Annotations:
D:3 LORDOFBUTT's ghost, amateur FoFi


Innate Abilities, Weirdness & Mutations

You are under a permanent stasis effect.
You can dig through walls and to a lower floor.
Your four strong arms can wield two-handed weapons with a shield.
You have a pair of large antennae on your head. (SInv)


Message History

It was a potion of heal wounds.
You feel much better. You block the gnoll's attack.
You block LORDOFBUTT's ghost's attack.
You feel very mighty all of a sudden. The gnoll closely misses you.
You block LORDOFBUTT's ghost's attack.
You closely miss the gnoll.
The gnoll is severely wounded.
You barely miss LORDOFBUTT's ghost. You block the gnoll's attack.
LORDOFBUTT's ghost hits you.
You closely miss the gnoll.
The gnoll is severely wounded.
You slash LORDOFBUTT's ghost! The gnoll hits you with a club.
You block LORDOFBUTT's ghost's attack. The gnoll hits you but does no damage.
You hit LORDOFBUTT's ghost.
LORDOFBUTT's ghost is moderately damaged.
You closely miss the gnoll.
LORDOFBUTT's ghost shrieks, "I have seen your future, and it is all used up."
LORDOFBUTT's ghost hits you!
* * * LOW HITPOINT WARNING * * *
The gnoll hits you but does no damage. LORDOFBUTT's ghost hits you!
You die...

..#....'.....###.####
#.#....##.##.# #....#
#.#....##.##.######.# #
#.#....##.##.##...#.# #
#...#####.##.##.#.#.# #
#.#######.........#....#...#
#
#..........#####..##########
# #...........W.##.. #
##.......#.##@##..# #
#.......#..#g# #
##########.#g# ####
#######.gg# g..# #.........#
...# #.........# ...#
#.....††..# { ...#
#..{g...#.#
...#####.g.....#..#


You could see LORDOFBUTT's ghost and 4 gnolls.

Vanquished Creatures
  Jessica (D:2)
  A gnoll (D:1)
  5 adders (D:2)
  A worm (D:2)
  A dart slug (D:2)
  A leopard gecko (D:2)
  An orc (D:3)
  5 giant cockroaches
  6 goblins
  7 hobgoblins
  7 jackals
  4 kobolds
  2 quokkas
  6 bats
  A frilled lizard (D:2)
  9 rats
58 creatures vanquished.

Notes
Turn   | Place    | Note
-------+----------+-------------------------------------------
     0 | D:1      | LORDOFBUTT the Formicid Fighter began the quest for the Orb.
     0 | D:1      | Reached XP level 1. HP: 18/18 MP: 1/1
    50 | D:1      | Reached XP level 2. HP: 24/24 MP: 2/2
   245 | D:1      | Reached skill level 3 in Axes
   312 | D:1      | Reached XP level 3. HP: 29/29 MP: 3/3
   886 | D:2      | Noticed Jessica
   893 | D:2      | Killed Jessica
   893 | D:2      | Reached skill level 4 in Axes
   893 | D:2      | Reached XP level 4. HP: 34/35 MP: 4/4
   916 | D:2      | Learned a level 1 spell: Confusing Touch
  1104 | D:2      | Reached XP level 5. HP: 22/41 MP: 5/5
  1160 | D:2      | Reached skill level 5 in Axes
  1200 | D:2      | HP: 1/41 [worm (6)]
  2278 | D:3      | HP: 2/41 [gnoll/flail of protection (4)]
  2303 | D:3      | Noticed LORDOFBUTT's ghost (amateur FoFi)
  2309 | D:3      | Slain by LORDOFBUTT's ghost

Skill      XL: |  1  2  3  4  5 |
---------------+----------------+-----
Axes           | 3 4 5 |  5.3
Fighting       | |  3.2
Armour         | |  3.2
Shields        | |  3.6

Action                   |  1- 3 |  4- 6 || total
-------------------------+-------+-------++-------
Melee: War axe           |    78 |   133 ||   211
  Use: Scroll            |     4 |     3 ||     7
       Potion            |       |     5 ||     5
  Eat: Chunk             |       |     2 ||     2
       Meat ration       |       |     1 ||     1
       Beef jerky        |       |     1 ||     1
Armor: Scale mail        |     4 |     6 ||    10
       Ring mail         |    26 |    44 ||    70
       Skin              |       |     4 ||     4
Dodge: Dodged            |    27 |    60 ||    87
Block: Shield            |    44 |    97 ||   141
